ESL (28 & UNDER)
MINNESOTA MANBEARPIGS @ BUTLER WHITE SOX
05/28/2028
 
TOP OF THE 1ST
Minnesota ManBearPigs batting - Pitching for Butler White Sox : LHP Todd Anderson
Pitching: LHP Todd Anderson
Batting: RHB Carlos López 0-0: Called Strike
0-1: Swinging Strike
0-2: Ball
1-2: Ground out 6-3 (Groundball, 56)
Batting: RHB Ben Barker 0-0: Called Strike
0-1: Foul Ball, location: 2F
0-2: Foul Ball, location: 2F
0-2: Ground out 5-3 (Groundball, 56S)
Batting: SHB William Hamilton 0-0: Ball
1-0: Foul Ball, location: 2F
1-1: Called Strike
1-2: Ball
2-2: Foul Ball, location: 2F
2-2: Ball
3-2: Base on Balls
Batting: RHB Jeffrey Hicks 0-0: Called Strike
0-1: Ball
1-1: Foul Ball, location: 2F
1-2: Ground out U3 (Groundball, 3S)
Top of the 1st over - 0 run(s), 0 hit(s), 0 error(s), 1 left on base; Minnesota 0 - Butler 0
BOTTOM OF THE 1ST
Butler White Sox batting - Pitching for Minnesota ManBearPigs : LHP Glenn Fox
Pitching: LHP Glenn Fox
Batting: RHB Jerry Moore 0-0: Ball
1-0: Ball
2-0: Ball
3-0: Base on Balls
Batting: RHB Bobby Murdock 0-0: Called Strike
0-1: Ball
1-1: Swinging Strike
1-2: Foul Ball, location: 2F
1-2: Foul Ball, location: 2F
1-2: Foul Ball, location: 2F
1-2: Foul Ball, location: 2F
1-2: Ball
2-2: Foul Ball, location: 2F
2-2: Strikes out swinging
Batting: RHB Tom Lang 0-0: Ball
1-0: Called Strike
1-1: Swinging Strike
1-2: Grounds into double play, 4-6-3 (Groundball, 4)
Bottom of the 1st over - 0 run(s), 0 hit(s), 0 error(s), 0 left on base; Minnesota 0 - Butler 0
TOP OF THE 2ND
Minnesota ManBearPigs batting - Pitching for Butler White Sox : LHP Todd Anderson
Batting: RHB Tom Hicks 0-0: Ball
1-0: SINGLE (Groundball, P) (infield hit)
Batting: RHB Chris Burrell 0-0: Called Strike
0-1: Foul Ball, location: 2F
0-2: Ball
1-2: Strikes out looking
Batting: RHB Jorge Mora 0-0: Called Strike
0-1: Ground out 5-3 (Groundball, 56S)
Tom Hicks to second
Batting: RHB Carlos Luna 0-0: Ball
1-0: Ball
2-0: Called Strike
2-1: Swinging Strike
2-2: Strikes out looking
Top of the 2nd over - 0 run(s), 1 hit(s), 0 error(s), 1 left on base; Minnesota 0 - Butler 0
BOTTOM OF THE 2ND
Butler White Sox batting - Pitching for Minnesota ManBearPigs : LHP Glenn Fox
Batting: RHB Luis Fuentes 0-0: Foul Ball, location: 2F
0-1: Ball
1-1: Ball
2-1: SINGLE (Groundball, 56D)
Batting: RHB Luis Ramos 0-0: Called Strike
0-1: Foul Ball, location: 2F
0-2: Strikes out swinging
Batting: LHB Thomas Dixon 0-0: Ball
1-0: Ball
Luis Fuentes is caught stealing 2nd base
2-0: Called Strike
2-1: SINGLE (Groundball, 6M) (infield hit)
Batting: LHB Denny Allen 0-0: Ball
1-0: Foul Ball, location: 2F
1-1: Foul Ball, location: 2F
1-2: Ball
2-2: Ball
3-2: Strikes out looking
Bottom of the 2nd over - 0 run(s), 2 hit(s), 0 error(s), 1 left on base; Minnesota 0 - Butler 0
TOP OF THE 3RD
Minnesota ManBearPigs batting - Pitching for Butler White Sox : LHP Todd Anderson
Batting: RHB Chris Jones 0-0: SINGLE (Groundball, 56D)
Batting: RHB Carlos López 0-0: Ball
1-0: Swinging Strike
1-1: Called Strike
1-2: Ball
2-2: Ball
3-2: Strikes out swinging
Batting: RHB Ben Barker 0-0: Ball
1-0: Swinging Strike
1-1: Foul Ball, location: 2F
1-2: Ball
2-2: Strikes out swinging
Batting: SHB William Hamilton 0-0: Ground out 1-3 (Groundball, 13S)
Top of the 3rd over - 0 run(s), 1 hit(s), 0 error(s), 1 left on base; Minnesota 0 - Butler 0
BOTTOM OF THE 3RD
Butler White Sox batting - Pitching for Minnesota ManBearPigs : LHP Glenn Fox
Batting: LHB Jim Knight 0-0: Ball
1-0: Ground out 5-3 (Groundball, 56)
Batting: RHB Steve Clifton 0-0: Ball
1-0: Ball
2-0: Ball
3-0: Called Strike
3-1: Base on Balls
Batting: RHB Jerry Moore 0-0: Swinging Strike
0-1: Swinging Strike
0-2: Foul Ball, location: 2F
0-2: Ball
1-2: Foul Ball, location: 2F
1-2: Strikes out looking
Batting: RHB Bobby Murdock 0-0: Ball
Wild Pitch!
Steve Clifton to second
1-0: Ball
2-0: Foul Ball, location: 2F
2-1: Swinging Strike
2-2: Fly out, F8 (Flyball, 8RM)
Bottom of the 3rd over - 0 run(s), 0 hit(s), 0 error(s), 1 left on base; Minnesota 0 - Butler 0
TOP OF THE 4TH
Minnesota ManBearPigs batting - Pitching for Butler White Sox : LHP Todd Anderson
Batting: RHB Jeffrey Hicks 0-0: Fly out, F9 (Flyball, 89M)
Batting: RHB Tom Hicks 0-0: Called Strike
0-1: Ball
1-1: Ball
2-1: Fly out, F5 (Popup, 5D)
Batting: RHB Chris Burrell 0-0: Called Strike
0-1: Ball
1-1: Foul Ball, location: 2F
1-2: Ball
2-2: Ball
3-2: SINGLE (Line Drive, 89S)
Batting: RHB Jorge Mora 0-0: Ball
1-0: Foul Ball, location: 2F
1-1: Swinging Strike
1-2: Ball
2-2: Ball
3-2: Base on Balls
Chris Burrell to second
Batting: RHB Carlos Luna 0-0: Called Strike
0-1: Swinging Strike
0-2: Strikes out swinging
Top of the 4th over - 0 run(s), 1 hit(s), 0 error(s), 2 left on base; Minnesota 0 - Butler 0
BOTTOM OF THE 4TH
Butler White Sox batting - Pitching for Minnesota ManBearPigs : LHP Glenn Fox
Batting: RHB Tom Lang 0-0: Called Strike
0-1: Ball
1-1: Fly out, F8 (Flyball, 8RD)
Batting: RHB Luis Fuentes 0-0: Ball
1-0: Called Strike
1-1: Ball
2-1: Foul Ball, location: 2F
2-2: TRIPLE (Flyball, 89D)
Batting: RHB Luis Ramos 0-0: Called Strike
0-1: Ball
Wild Pitch!
Luis Fuentes scores
1-1: Ball
2-1: DOUBLE (Line Drive, 7LS)
Batting: LHB Thomas Dixon 0-0: Foul Ball, location: 2F
0-1: Ground out 4-3 (Groundball, 4)
Luis Ramos to third
Batting: LHB Denny Allen 0-0: DOUBLE (Groundball, 3D)
Luis Ramos scores
Batting: LHB Jim Knight 0-0: Ball
1-0: Called Strike
1-1: Called Strike
1-2: Ball
2-2: Foul Ball, location: 2F
2-2: Strikes out looking
Bottom of the 4th over - 2 run(s), 3 hit(s), 0 error(s), 1 left on base; Minnesota 0 - Butler 2
TOP OF THE 5TH
Minnesota ManBearPigs batting - Pitching for Butler White Sox : LHP Todd Anderson
Batting: RHB Chris Jones 0-0: Ball
1-0: Ball
2-0: Swinging Strike
2-1: Ball
3-1: Foul Ball, location: 2F
3-2: Foul Ball, location: 2F
3-2: Ground out 6-3 (Groundball, 56)
Batting: RHB Carlos López 0-0: Ball
1-0: Ball
2-0: Ball
3-0: Base on Balls
Batting: RHB Ben Barker 0-0: Called Strike
0-1: Swinging Strike
0-2: Ball
1-2: Strikes out swinging
Batting: SHB William Hamilton 0-0: Called Strike
0-1: Called Strike
0-2: Ball
1-2: Foul Ball, location: 2F
1-2: Ball
2-2: Ground out 5-3 (Groundball, 56S)
Top of the 5th over - 0 run(s), 0 hit(s), 0 error(s), 1 left on base; Minnesota 0 - Butler 2
BOTTOM OF THE 5TH
Butler White Sox batting - Pitching for Minnesota ManBearPigs : LHP Glenn Fox
Batting: RHB Steve Clifton 0-0: Ball
1-0: Ball
2-0: Swinging Strike
2-1: Fly out, F8 (Flyball, 8RM)
Batting: RHB Jerry Moore 0-0: Ball
1-0: Swinging Strike
1-1: Swinging Strike
1-2: Ball
2-2: Strikes out swinging
Batting: RHB Bobby Murdock 0-0: Swinging Strike
0-1: Ground out 5-3 (Groundball, 56S)
Bottom of the 5th over - 0 run(s), 0 hit(s), 0 error(s), 0 left on base; Minnesota 0 - Butler 2
TOP OF THE 6TH
Minnesota ManBearPigs batting - Pitching for Butler White Sox : LHP Todd Anderson
Batting: RHB Jeffrey Hicks 0-0: Foul Ball, location: 2F
0-1: Foul Ball, location: 2F
0-2: Strikes out looking
Batting: RHB Tom Hicks 0-0: Ball
1-0: Ball
2-0: Ball
3-0: Called Strike
3-1: Called Strike
3-2: Base on Balls
Pitching: RHP Steve Newman
Batting: RHB Chris Burrell 0-0: Ball
1-0: Called Strike
1-1: Swinging Strike
1-2: Strikes out swinging
Batting: RHB Jorge Mora 0-0: Ball
Tom Hicks is caught stealing 2nd base
Top of the 6th over - 0 run(s), 0 hit(s), 0 error(s), 0 left on base; Minnesota 0 - Butler 2
BOTTOM OF THE 6TH
Butler White Sox batting - Pitching for Minnesota ManBearPigs : LHP Glenn Fox
Batting: RHB Tom Lang 0-0: Called Strike
0-1: Called Strike
0-2: Ball
1-2: Ball
2-2: Foul Ball, location: 2F
2-2: Ball
3-2: Foul Ball, location: 2F
3-2: Strikes out swinging
Batting: RHB Luis Fuentes 0-0: Called Strike
0-1: Swinging Strike
0-2: Strikes out swinging
Batting: RHB Luis Ramos 0-0: Ball
1-0: SINGLE (Groundball, 6MS) (infield hit)
Pitching: RHP Danny Johnston
Batting: LHB Thomas Dixon 0-0: Ball
1-0: Ball
2-0: Ball
3-0: Base on Balls
Luis Ramos to second
Batting: LHB Denny Allen 0-0: Ball
1-0: Ball
2-0: Ball
3-0: Base on Balls
Luis Ramos to third
Thomas Dixon to second
Batting: LHB Jim Knight 0-0: Fly out, F6 (Line Drive, 6M)
Bottom of the 6th over - 0 run(s), 1 hit(s), 0 error(s), 3 left on base; Minnesota 0 - Butler 2
TOP OF THE 7TH
Minnesota ManBearPigs batting - Pitching for Butler White Sox : RHP Steve Newman
Batting: RHB Jorge Mora 0-0: Ground out 1-3 (Groundball, 13S)
Batting: RHB Carlos Luna 0-0: Foul Ball, location: 2F
0-1: Ball
1-1: Ball
2-1: Fly out, F9 (Flyball, 9)
Batting: RHB Chris Jones 0-0: Ball
1-0: Swinging Strike
1-1: Called Strike
1-2: Foul Ball, location: 2F
1-2: Ball
2-2: Ball
3-2: Reached on error, E5 (Groundball, 5S)
Batting: RHB Carlos López 0-0: Ball
1-0: Swinging Strike
1-1: Foul Ball, location: 2F
1-2: Ball
2-2: Ground out 1-3 (Groundball, 13)
Top of the 7th over - 0 run(s), 0 hit(s), 1 error(s), 1 left on base; Minnesota 0 - Butler 2
BOTTOM OF THE 7TH
Butler White Sox batting - Pitching for Minnesota ManBearPigs : RHP Danny Johnston
Batting: RHB Steve Clifton 0-0: Ball
1-0: Ball
2-0: Ground out 1-3 (Groundball, 13)
Batting: RHB Jerry Moore 0-0: Ball
1-0: Called Strike
1-1: Foul Ball, location: 2F
1-2: Strikes out looking
Batting: RHB Bobby Murdock 0-0: Ball
1-0: Called Strike
1-1: Fly out, F7 (Flyball, 78XD)
Bottom of the 7th over - 0 run(s), 0 hit(s), 0 error(s), 0 left on base; Minnesota 0 - Butler 2
TOP OF THE 8TH
Minnesota ManBearPigs batting - Pitching for Butler White Sox : RHP Steve Newman
Now at C: Mançio Delmage
Now at 3B: Júlio Hernández
Batting: RHB Ben Barker 0-0: Ball
1-0: Ball
2-0: Called Strike
2-1: Swinging Strike
2-2: Ball
3-2: Base on Balls
Pitching: RHP Eric Wilson
Batting: SHB William Hamilton 0-0: Ball
1-0: Called Strike
1-1: Foul Ball, location: 2F
1-2: Strikes out swinging
Batting: RHB Jeffrey Hicks 0-0: Called Strike
0-1: Ball
1-1: Ball
2-1: Fly out, F9 (Flyball, 9S)
Batting: RHB Tom Hicks 0-0: Called Strike
0-1: Swinging Strike
0-2: Ball
1-2: Ball
2-2: Ball
3-2: DOUBLE (Line Drive, 89S)
Ben Barker to third
Ben Barker scores
Pinch Hitting: LHB Colm Massey 0-0: Ball
1-0: Ball
2-0: Foul Ball, location: 2F
2-1: DOUBLE (Line Drive, 78XD)
Tom Hicks scores
Pinch Hitting: LHB Ramiro Muńóz 0-0: Called Strike
0-1: Ball
1-1: Called Strike
1-2: Ball
Wild Pitch!
Colm Massey to third
2-2: DOUBLE (Line Drive, 9LM)
Colm Massey scores
Pitching: RHP Carlos Olmedo
Pinch Hitting: RHB Luis Maldonado 0-0: Ball
1-0: Foul Ball, location: 2F
1-1: Ball
2-1: Foul Ball, location: 2F
2-2: Strikes out swinging
Top of the 8th over - 3 run(s), 3 hit(s), 0 error(s), 1 left on base; Minnesota 3 - Butler 2
BOTTOM OF THE 8TH
Butler White Sox batting - Pitching for Minnesota ManBearPigs : RHP Danny Johnston
Pitching: RHP Claudio Ramírez
Now at 1B: Yasutoki Kojima
Now at 2B: Colm Massey
Now in CF: Pedro López
Batting: RHB Tom Lang 0-0: Foul Ball, location: 2F
0-1: Fly out, F9 (Flyball, 9S)
Batting: RHB Luis Fuentes 0-0: Foul Ball, location: 2F
0-1: Called Strike
0-2: Strikes out looking
Batting: RHB Luis Ramos 0-0: Ball
1-0: Ball
2-0: Ball
3-0: Base on Balls
Batting: LHB Thomas Dixon 0-0: Ball
1-0: Ball
2-0: Ball
3-0: Called Strike
3-1: Foul Ball, location: 2F
3-2: Ground out U3 (Groundball, 3)
Bottom of the 8th over - 0 run(s), 0 hit(s), 0 error(s), 1 left on base; Minnesota 3 - Butler 2
TOP OF THE 9TH
Minnesota ManBearPigs batting - Pitching for Butler White Sox : RHP Carlos Olmedo
Pitching: RHP Archie Summers
Batting: RHB Chris Jones 0-0: Called Strike
0-1: Ball
1-1: Swinging Strike
1-2: Ball
2-2: Ball
3-2: Strikes out looking
Batting: RHB Carlos López 0-0: Ball
1-0: Foul Ball, location: 2F
1-1: Ball
2-1: Ball
3-1: Ground out 6-3 (Groundball, 6)
Batting: RHB Ben Barker 0-0: Ground out 5-3 (Groundball, 56)
Top of the 9th over - 0 run(s), 0 hit(s), 0 error(s), 0 left on base; Minnesota 3 - Butler 2
BOTTOM OF THE 9TH
Butler White Sox batting - Pitching for Minnesota ManBearPigs : RHP Claudio Ramírez
Pitching: RHP Cam Sparks
Batting: LHB Denny Allen 0-0: Foul Ball, location: 2F
0-1: Called Strike
0-2: Strikes out looking
Batting: RHB Mançio Delmage 0-0: Foul Ball, location: 2F
0-1: Fly out, F8 (Flyball, 8RD)
Batting: RHB Steve Clifton 0-0: Ground out 4-3 (Groundball, 4)
Bottom of the 9th over - 0 run(s), 0 hit(s), 0 error(s), 0 left on base; Minnesota 3 - Butler 2
Tuesday, August 8th, 2017 - OOTP Baseball 17.12 Build 75